 Dungeon Crawl Stone Soup version 0.26-a0-1181-gd376ed14c5 (webtiles) character file.

Game seed: 17333574814787904725

11997 runemasterragnar the Quickloader (level 12, -1/72 HPs)
             Began as a Kobold Hunter on Dec 25, 2020.
             Was a High Priest of Okawaru.
             Slain by a black mamba (5 damage)
             ... on level 1 of the Lair of Beasts.
             The game lasted 00:22:04 (15686 turns).

runemasterragnar the Quickloader (Kobold Hunter)   Turns: 15686, Time: 00:22:04

Health: -1/72      AC: 13    Str: 25    XL:     12   Next: 14%
Magic:  25/25      EV: 18    Int: 23    God:    Okawaru [*****.]
Gold:   622        SH:  5    Dex: 20    Spells: 9/11 levels left

rFire    + . .     SeeInvis .   K - +7 long sword "Liddecs" {pain, +Fly rC+ Str+5}
rCold    + . .     Faith    .   (shield restricted)
rNeg     . . .     Spirit   .   j - +0 fire dragon scales
rPois    +         Reflect  +   y - +1 hat of Immorality {rPois Str+5}
rElec    .         Harm     .   E - scarf {+Inv}
rCorr    .         Rampage  .   (no gloves)
Will     .....                  e - +1 pair of boots
Stlth    ++++......             G - amulet "Huch" {Reflect Str+5 SH+5}
HPRegen  0.22/turn              f - ring of magical power
MPRegen  0.19/turn              I - ring of Surheel {Ice +Inv Int+8 Dex+3}

@: no status effects
A: small, nightstalker 3
a: Renounce Religion, Evoke Invisibility, Evoke Flight, Heroism, Finesse


You were on level 1 of the Lair of Beasts.
You worshipped Okawaru.
Okawaru was extremely pleased with you.
You visited 2 branches of the dungeon, and saw 12 of its levels.
You also visited: Sewer.

You collected 775 gold pieces.
You spent 153 gold pieces at shops.

Inventory:

Hand Weapons
 a - a +1 hand crossbow
 b - a +0 rapier
 K - the +7 long sword "Liddecs" (weapon) {pain, +Fly rC+ Str+5}
   (You found it on level 7 of the Dungeon)

   In the hands of one skilled in necromantic magic, it inflicts extra damage on
   living creatures.
   It affects your strength (+5).
   It protects you from cold.
   It lets you fly.
 S - a +0 arbalest
 V - the +4 hunting sling "Ikumiewu" {venom, Str+2 Dex+5, unknown}
   (Okawaru gifted it to you on level 9 of the Dungeon)

   It poisons the ammo it fires.
   It affects your strength (+2).
   It affects your dexterity (+5).
Missiles
 d - 158 bolts
Armour
 e - a +1 pair of boots (worn)
 j - +0 fire dragon scales (worn)
 y - the +1 hat of Immorality (worn) {rPois Str+5}
   (You found it on level 5 of the Dungeon)

   It affects your strength (+5).
   It protects you from poison.
 A - a +0 helmet
 E - a scarf of invisibility (worn)
Magical Staves
 O - an uncursed staff of poison {unknown}
Jewellery
 f - a ring of magical power (left hand)
 t - an uncursed ring of fire
 G - the amulet "Huch" (around neck) {Reflect Str+5 SH+5}
   (You found it on level 7 of the Dungeon)

   [amulet of reflection]

   It shields you and reflects attacks.
   It affects your strength (+5).
   It affects your SH (+5).
 H - the cursed ring of Seylixt {rC+ Int-4}
   (You found it on level 7 of the Dungeon)

   [ring of intelligence]

   It affects your intelligence (-4).
   It protects you from cold.
   It has a curse placed upon it.
 I - the ring of Surheel (right hand) {Ice +Inv Int+8 Dex+3}
   (You found it on level 7 of the Dungeon)

   [ring of ice]

   It enhances your ice magic.
   It affects your intelligence (+8).
   It affects your dexterity (+3).
   It makes you vulnerable to fire.
   It protects you from cold.
   It lets you turn invisible.
 J - the amulet "Suwkirphu" {Spirit *Corrode rN+ Dex+7 SInv}
   (You found it on level 7 of the Dungeon)

   [amulet of guardian spirit]

   It causes incoming damage to be split between your health and magic.
   It affects your dexterity (+7).
   It protects you from negative energy.
   It lets you see invisible.
   It may corrode you when you take damage.
 L - an uncursed ring of flight
 Q - an uncursed amulet of the acrobat {unknown}
Wands
 o - a wand of iceblast (18)
 s - a wand of enslavement (19)
 w - a wand of paralysis (2)
 M - a wand of polymorph (4)
 U - a wand of acid (5)
Scrolls
 c - 5 scrolls of teleportation
 h - 2 scrolls of magic mapping {unknown}
 i - 2 scrolls of immolation
 n - 2 scrolls of blinking
 q - 3 scrolls of remove curse
 D - 2 scrolls of fear {unknown}
 F - a scroll of brand weapon {unknown}
 P - 2 scrolls of enchant weapon {unknown}
 T - a scroll of amnesia
Potions
 g - a potion of berserk rage {unknown}
 k - 2 potions of heal wounds
 m - a potion of attraction {unknown}
 p - 3 potions of lignification
 r - 4 potions of curing
 u - 2 potions of cancellation
 v - 3 potions of might
 x - 2 potions of brilliance {unknown}
 z - a potion of resistance {unknown}
 B - 2 potions of flight
 C - 2 potions of magic
 N - 3 potions of haste
 W - a potion of degeneration {unknown}
 X - a potion of invisibility {unknown}
Miscellaneous
 R - a tin of tremorstones (inert)


   Skills:
 + Level 7.2 Fighting
 + Level 8.2 Short Blades
 * Level 11.5 Crossbows
 + Level 5.0 Armour
 + Level 8.0 Dodging
 + Level 9.0 Stealth
 + Level 6.4 Invocations
 + Level 6.7 Evocations


You had 9 spell levels left.
You knew the following spells:

 Your Spells              Type           Power        Failure   Level
a - Wereblood             Tmut           0%           54%         2

Your spell library contained the following spells:

 Spells                   Type           Power        Failure   Level
 Beastly Appendage        Tmut           0%           38%         1
 Summon Small Mammal      Summ           0%           38%         1
 Call Imp                 Summ           0%           54%         2
 Call Canine Familiar     Summ           0%           77%         3
 Confusing Touch          Hex            0%           77%         3
 Gell's Gravitas          Tloc           0%           77%         3
 Spider Form              Tmut/Pois      0%           77%         3
 Summon Guardian Golem    Hex/Summ       0%           77%         3
 Ice Form                 Ice/Tmut       0%           99%         4
 Petrify                  Tmut/Erth      0%           99%         4
 Summon Ice Beast         Ice/Summ       0%           99%         4
 Summon Lightning Spire   Summ/Air       0%           99%         4
 Blade Hands              Tmut           0%           100%        5
 Metabolic Englaciation   Hex/Ice        0%           100%        5
 Yara's Violent Unravell  Hex/Tmut       0%           100%        5


Dungeon Overview and Level Annotations

Branches:
Dungeon (10/15)            Temple (0/1) D:5            Lair (2/6) D:10
  Sewer (visited)
  Swamp: Lair:2-4    Shoals: Lair:2-4     Snake: Lair:2-4    Spider: Lair:2-4
    Orc: D:9-12

Altars:
Dithmenos
Elyvilon
Gozag
Kikubaaqudgha
Nemelex Xobeh
Okawaru
Ru
Trog
Zin

Shops:
D:9 *

Annotations:
D:7 1 runed translucent door, Crazy Yiuf
D:9 2 transporters
D:10 Maurice
Lair:1 2 transporters


Innate Abilities, Weirdness & Mutations

You are small and have problems with some larger weapons.
You are completely attuned to the shadows.


Message History

You closely miss the black mamba.
The black mamba is almost dead.
The black mamba completely misses you.
You riposte.
You barely miss the black mamba.
The black mamba is almost dead.
The bullfrog hits you but does no damage.
The black mamba bites you!
* * * LOW HITPOINT WARNING * * *
The bullfrog closely misses you. You block the black mamba's attack.
You slash the bullfrog!
You kill the bullfrog!
Okawaru accepts your kill. The black mamba closely misses you.
You block the black mamba's attack.
Unknown command.
You miss the black mamba.
The black mamba is almost dead.
The black mamba bites you!
* * * LOW HITPOINT WARNING * * *
The black mamba bites you.
You die...

........ยง.......................#
.....######.#.#.....####........#
.....# #...###...#####........#
.....# ###.# #...##............
.....## ####.# #...#..##.........
......###.#..# #...#...#........#
.............###...##.#..########
...............#......####
................@S....#
......................#
......####.#..........# .....##
###..........# .....# ######.#####
P.PP.# ### ######


You could see a black mamba.

Vanquished Creatures
  A hydra (Lair:1)
  A boulder beetle (D:10)
  2 two-headed ogres
  Urug (D:10)
  An ugly thing (D:9)
  Joseph (D:9)
  2 cane toads (Lair:1)
  A komodo dragon (Lair:1)
  A troll (D:7)
  A polar bear (Lair:1)
  A wraith (D:10)
  A fire elemental (Lair:1)
  11 yaks
  A basilisk (Lair:1)
  A water moccasin (D:8)
  An orc warrior (D:8)
  2 phantoms
  2 black bears
  3 necrophages
  3 sky beasts
  2 ice beasts
  4 ogres
  2 centaurs
  3 big kobolds
  11 bullfrogs
  A wyvern zombie (D:10)
  3 scorpions
  A wyvern skeleton (D:9)
  A water moccasin skeleton (D:5)
  5 killer bees (D:10)
  5 wights (D:8)
  6 howler monkeys
  A lava snake (Lair:1)
  A bullfrog zombie (D:10)
  7 hounds
  A centaur skeleton (D:9)
  A gnoll shaman (D:6)
  2 orc priests
  9 orc wizards
  2 bullfrog skeletons
  Ijyb (D:4)
  7 worker ants
  A hound skeleton (D:6)
  A worker ant zombie (D:5)
  8 gnolls
  2 river rats (Sewer)
  12 adders
  A shadow imp (D:9)
  A white imp (D:10)
  An ufetubus (D:7)
  An ooze (D:2)
  2 adder skeletons
  An adder zombie (D:9)
  3 worms
  A dart slug (D:3)
  7 leopard geckos
  24 orcs
  4 ball pythons
  4 giant cockroaches
  5 goblins
  5 hobgoblins
  12 jackals
  8 quokkas
  3 bats
  13 frilled lizards
  5 kobolds
  A leopard gecko skeleton (D:6)
  A leopard gecko zombie (D:8)
  A quokka zombie (D:6)
  13 rats
255 creatures vanquished.

Vanquished Creatures (collateral kills)
  A big kobold (D:9)
  A bullfrog (D:9)
  A scorpion (D:9)
  A howler monkey (D:9)
  2 bats (D:5)
6 creatures vanquished.

Vanquished Creatures (others)
  A vampire mosquito (D:7)
  9 plants (Lair:1)
  5 toadstools (D:7)
15 creatures vanquished.

Grand Total: 276 creatures vanquished

Notes
Turn   | Place    | Note
-------+----------+-------------------------------------------
     0 | D:1      | runemasterragnar the Kobold Hunter began the quest for the
                  | Orb.
     0 | D:1      | Reached XP level 1. HP: 12/12 MP: 1/1
   191 | D:1      | Reached skill level 5 in Crossbows
   191 | D:1      | Reached XP level 2. HP: 17/17 MP: 2/2
   667 | D:1      | Reached XP level 3. HP: 22/22 MP: 3/3
  1089 | D:2      | Reached skill level 1 in Short Blades
  1657 | D:2      | Found an iron altar of Okawaru.
  2111 | D:2      | Reached XP level 4. HP: 27/27 MP: 4/4
  2216 | D:3      | Found a bloodstained altar of Trog.
  2376 | D:3      | Reached skill level 1 in Armour
  2617 | D:3      | Reached XP level 5. HP: 31/31 MP: 5/5
  2943 | D:2      | Became a worshipper of Warmaster Okawaru
  3910 | D:4      | Noticed an ogre
  4344 | D:4      | Noticed Ijyb
  4384 | D:4      | Reached skill level 6 in Crossbows
  4851 | D:4      | Killed Ijyb
  4852 | D:4      | Reached XP level 6. HP: 37/37 MP: 6/6
  4892 | D:5      | Entered Level 5 of the Dungeon
  4912 | D:5      | Noticed an ogre
  4916 | D:5      | Found a glowing drain.
  4927 | D:5      | Killed an ogre
  4928 | D:5      | Reached skill level 1 in Invocations
  4935 | Sewer    | Entered a sewer
  5411 | D:5      | Reached skill level 1 in Evocations
  5411 | D:5      | Reached XP level 7. HP: 40/41 MP: 7/7
  5643 | D:5      | Found a shadowy altar of Dithmenos.
  5785 | D:5      | HP: 2/41 [poisoned by a worker ant]
  6146 | D:5      | Found a sparkling altar of Nemelex Xobeh.
  6413 | D:5      | Got a heavily runed hat
  6419 | D:5      | Identified the +1 hat of Immorality {rPois Str+5} (You
                  | found it on level 5 of the Dungeon)
  6464 | D:5      | Reached * piety under Okawaru
  6824 | D:5      | Found a staircase to the Ecumenical Temple.
  6956 | D:6      | Reached skill level 7 in Crossbows
  6956 | D:6      | Reached XP level 8. HP: 45/48 MP: 9/9
  7319 | D:6      | Reached ** piety under Okawaru
  7707 | D:6      | Found Cankov's Armour Shop.
  8045 | D:7      | Found a sacrificial altar of Ru.
  8088 | D:7      | Reached skill level 5 in Stealth
  8360 | D:7      | Reached XP level 9. HP: 52/52 MP: 11/11
  8366 | D:7      | Reached skill level 8 in Crossbows
  8504 | D:7      | Reached skill level 5 in Dodging
  8584 | D:7      | Noticed a troll
  8590 | D:7      | Killed a troll
  8591 | D:7      | Reached skill level 5 in Short Blades
  8654 | D:7      | Reached *** piety under Okawaru
  8711 | D:7      | Got a glittering crystal amulet
  8712 | D:7      | Noticed a two-headed ogre
  8721 | D:7      | Killed a two-headed ogre
  8722 | D:7      | Reached skill level 5 in Fighting
  8722 | D:7      | Identified the amulet "Huch" {Reflect Str+5 SH+5} (You
                  | found it on level 7 of the Dungeon)
  8839 | D:7      | Got a sparkling iron ring
  8842 | D:7      | Got a faintly glowing platinum ring
  8849 | D:7      | Got a warped graven amulet
  9032 | D:7      | Found a runed translucent door.
  9033 | D:7      | Identified the cursed ring of Seylixt {rC+ Int-4} (You
                  | found it on level 7 of the Dungeon)
  9034 | D:7      | Identified the ring of Surheel {Ice +Inv Int+8 Dex+3} (You
                  | found it on level 7 of the Dungeon)
  9052 | D:7      | Noticed Crazy Yiuf
  9179 | D:7      | Reached skill level 9 in Crossbows
  9301 | D:7      | Found a glowing silver altar of Zin.
  9488 | D:7      | Got a scorched long sword
  9489 | D:7      | Identified the +7 long sword "Liddecs" {pain, +Fly rC+
                  | Str+5} (You found it on level 7 of the Dungeon)
  9608 | D:8      | Reached XP level 10. HP: 50/58 MP: 13/13
  9711 | D:8      | Learned a level 2 spell: Wereblood
  9794 | D:8      | Received a gift from Okawaru
 10067 | D:8      | Reached **** piety under Okawaru
 10459 | D:9      | Received a gift from Okawaru
 10543 | D:9      | Found an ancient bone altar of Kikubaaqudgha.
 10545 | D:9      | Found an opulent altar of Gozag.
 10682 | D:9      | Found a transporter.
 10685 | D:9      | Noticed a fire crab
 10685 | D:9      | a meliai changed into a fire crab
 10686 | D:9      | Found a transporter.
 10700 | D:9      | Reached skill level 5 in Evocations
 10722 | D:9      | a fire crab changed into a yak
 10753 | D:9      | Noticed a moth of wrath
 10753 | D:9      | a snapping turtle changed into a moth of wrath
 10826 | D:9      | Noticed a purple ugly thing
 10855 | D:9      | Killed a purple ugly thing
 10856 | D:9      | Reached skill level 10 in Crossbows
 10856 | D:9      | Reached skill level 5 in Invocations
 11235 | D:9      | Found Warestat's Assorted Antiques.
 11240 | D:9      | Bought an arbalest for 153 gold pieces
 11266 | D:9      | Found a sacrificial altar of Ru.
 11376 | D:9      | Found a white marble altar of Elyvilon.
 11397 | D:9      | Noticed Joseph
 11406 | D:9      | Killed Joseph
 11406 | D:9      | Reached ***** piety under Okawaru
 11663 | D:9      | Noticed a two-headed ogre
 11669 | D:9      | Killed a two-headed ogre
 11669 | D:9      | Received a gift from Okawaru
 11670 | D:9      | Reached XP level 11. HP: 7/64 MP: 15/15
 12117 | D:10     | Entered Level 10 of the Dungeon
 12119 | D:10     | Noticed Urug
 12127 | D:10     | Killed Urug
 12262 | D:10     | Found a staircase to the Lair.
 12300 | D:9      | Received a gift from Okawaru
 12301 | D:9      | Got a warped hunting sling {god gift}
 12649 | D:10     | Noticed a boulder beetle
 12656 | D:10     | Killed a boulder beetle
 12857 | D:10     | Reached skill level 11 in Crossbows
 14016 | D:10     | Noticed Maurice
 14049 | Lair:1   | Entered Level 1 of the Lair of Beasts
 14049 | Lair:1   | Noticed an eight-headed hydra
 14052 | Lair:1   | Killed an eight-headed hydra
 14052 | Lair:1   | Received a gift from Okawaru
 14077 | Lair:1   | Found a transporter.
 14171 | Lair:1   | Found a transporter.
 14238 | Lair:1   | Reached XP level 12. HP: 38/72 MP: 16/16
 14617 | Lair:1   | Reached skill level 5 in Armour
 15622 | Lair:1   | Identified the amulet "Suwkirphu" {Spirit *Corrode rN+
                  | Dex+7 SInv} (You found it on level 7 of the Dungeon)
 15676 | Lair:2   | Noticed a six-headed hydra
 15686 | Lair:1   | Slain by a black mamba

Illustrated notes

Levels and vault maps discovered:
D:1:      dpeg_arrival_rhombi, layout_rooms
D:2:      layout_rooms, nicolae_overflow_hidden_temple
D:3:      layout_loops_ring, nicolae_overflow_crystal_walls,
          minmay_misc_feat_doors, amethyst_killhole, grunt_decor_resistance,
          wad_rectangle_vault
D:4:      layout_loops_ring, uniq_ijyb
D:5:      layout_layer_cave, grunt_dithmenos_smoke,
          nemelex_xobeh_ov_fountains_minmay, temple_statues,
          cheibrodos_sewer_entry_sluice
D:6:      layout_gridville, serial_shops, nicolae_shop_behind_doors
D:7:      minmay_the_grid_triangle_9x9_rhombus_thin
          [minmay_the_grid_triangle_9x9_windchime,
          minmay_the_grid_triangle_9x9_prize_special,
          minmay_the_grid_triangle_9x9_checkered,
          minmay_the_grid_triangle_9x9_from_above], layout_basic,
          zin_scriptorium, lemuel_coloured_pillars_altar,
          chequers_decorated_corner, corexii_corridor_pit,
          minmay_gold_behind_fungi, uniq_crazy_yiuf_cottage
D:8:      layout_rooms
D:9:      layout_basic, elyvilon_altar_3, gammafunk_temple_overflow_arena,
          basic_altar, serial_shops, shop, minmay_circle_x, uniq_joseph
D:10:     layout_grid_maze, lair_entry_dummy, uniq_maurice, uniq_urug
Lair:1:   gammafunk_cloud_chamber, layout_gridlike, lemuel_fruit_fields
Lair:2:   layout_roguey, grunt_megastairs_4, infiniplex_staircase_pool_2

Skill      XL: |  1  2  3  4  5  6  7  8  9 10 11 12 |
---------------+-------------------------------------+-----
Crossbows      | 5 6 7 9 10 11 | 11.5
Stealth        | 2 3 4 5 6 7 8 9 |  9.0
Short Blades   | 1 2 3 4 5 7 8 |  8.2
Armour         | 1 2 3 4 5 |  5.0
Dodging        | 3 4 5 6 7 8 |  8.0
Fighting       | 3 4 5 6 7 |  7.2
Invocations    | 1 2 4 5 6 |  6.4
Evocations     | 1 2 3 4 5 6 |  6.7

Action                   |  1- 3 |  4- 6 |  7- 9 | 10-12 || total
-------------------------+-------+-------+-------+-------++-------
Melee: Short sword       |    21 |       |       |       ||    21
       Rapier            |    61 |   155 |   129 |    25 ||   370
       Long sword        |       |       |    16 |   267 ||   283
 Fire: Hand crossbow     |    32 |    61 |    97 |    19 ||   209
       Arbalest          |       |       |       |    49 ||    49
Invok: Heroism           |       |       |     1 |     1 ||     2
Evoke: Wand              |       |     4 |    13 |    21 ||    38
       Tin of tremorston |       |       |       |     2 ||     2
  Use: Scroll            |     1 |     8 |     4 |     7 ||    20
       Potion            |       |     1 |       |     1 ||     2
 Stab: Sleeping          |     5 |     9 |     4 |    17 ||    35
       Paralysed         |       |     2 |     4 |    13 ||    19
       Distracted        |       |       |     1 |     1 ||     2
Armor: Ring mail         |    39 |    68 |    54 |       ||   161
       Leather armour    |     1 |       |       |       ||     1
       Fire dragon scale |       |    15 |    11 |   108 ||   134
Dodge: Dodged            |    88 |   140 |   141 |   298 ||   667
Block: Other             |       |       |     4 |    93 ||    97
       Reflection        |       |       |       |     2 ||     2
       Rpst.: Long sword |       |       |     4 |    75 ||    79

Table legend: (Time is in decaauts)
 A = Elapsed time spent in this place.
 B = Non-inter-level travel time spent in this place.
 C = Inter-level travel time spent in this place.
 D = Time resting spent in this place.
 E = Time spent auto-exploring this place.
 F = Levels seen in this place.
 G = Mean time per level.
                   A        B        C        D        E       F      G
               +--------+--------+--------+--------+--------+-----+--------+
         Total |  15871 |  15408 |    463 |   2836 |  10023 |  13 | 1220.8 |
       Dungeon |  13698 |  13279 |    419 |   2409 |   8631 |  10 | 1369.8 |
          Lair |   1649 |   1606 |     43 |    427 |   1008 |   2 |  824.5 |
         Sewer |    523 |    523 |      0 |      0 |    384 |   1 |  523.0 |
               +--------+--------+--------+--------+--------+-----+--------+

Top non-repeatable levels by time:
     D:9: 1909 daAuts
    D:10: 1721 daAuts
     D:7: 1705 daAuts
     D:4: 1687 daAuts
  Lair:1: 1637 daAuts
     D:2: 1396 daAuts
     D:5: 1326 daAuts
     D:3: 1204 daAuts
     D:6: 948 daAuts
     D:1: 905 daAuts
     D:8: 893 daAuts
   Sewer: 523 daAuts
  Lair:2: 12 daAuts
